 Dungeon Crawl Stone Soup version 0.30-a0-137-gd8773701ce (webtiles) character file.

Game seed: 14319935164943033086

3320 billz999 the Grappler (level 9, 0/78 HPs)
             Began as a Troll Monk on Sept 22, 2022.
             Was an Elder of Nemelex Xobeh.
             Slain by an ice beast (7 damage)
             ... on level 7 of the Dungeon.
             The game lasted 00:09:06 (4508 turns).

billz999 the Grappler (Troll Monk)                  Turns: 4508, Time: 00:09:07

Health: 0/78       AC:  4    Str: 25    XL:     9   Next: 71%
Magic:  12/12      EV:  7    Int:  6    God:    Nemelex Xobeh [****..]
Gold:   296        SH:  0    Dex: 12    Spells: 8/8 levels left

rFire   + . .      SeeInvis .      - Unarmed
rCold   . . .      Faith    .    k - +0 tower shield
rNeg    . . .      Spirit   .    a - +0 robe
rPois   +          Reflect  .    (helmet restricted)
rElec   .          Harm     .    (no cloak)
rCorr   .          Rampage  .    (gloves unavailable)
Will    .....                    (boots unavailable)
Stlth   +.........               (no amulet)
HPRegen 1.03/turn                s - ring of protection from fire
MPRegen 0.13/turn                (no ring)

@: confused, ambrosia-drunk
A: large, unfitting armour, claws 3, regeneration 1, shaggy fur 1, tough skin 1,
frail 1, mutation resistance 1, poison resistance
a: Renounce Religion, Draw Escape, Draw Destruction, Draw Summoning, Triple
Draw, Deal Four


You were on level 7 of the Dungeon.
You worshipped Nemelex Xobeh.
Nemelex Xobeh was greatly pleased with you.
You visited 1 branch of the dungeon, and saw 7 of its levels.

You collected 296 gold pieces.

Inventory:

Missiles
 p - 2 throwing nets (quivered)
Armour
 a - a +0 robe (worn)
 k - a +0 tower shield (worn)
 l - a +0 buckler
Jewellery
 s - a ring of protection from fire (left claw)
 B - an amulet of reflection
 D - a ring of fire
Wands
 C - a wand of flame (19)
 E - a wand of iceblast (7)
 F - a wand of mindburst (6)
Scrolls
 e - 3 scrolls of noise {unknown}
 f - 2 scrolls of amnesia
 g - 2 scrolls of fear
 n - 2 scrolls of poison
 o - a scroll of blinking {unknown}
 t - 3 scrolls of teleportation {unknown}
 u - a scroll of enchant weapon {unknown}
 x - a scroll of magic mapping {unknown}
 y - 3 scrolls of enchant armour {unknown}
 A - 4 scrolls of identify
 G - 2 scrolls of fog {unknown}
 H - a scroll of acquirement {unknown}
Potions
 c - 2 potions of lignification
 d - 2 potions of curing
 h - a potion of degeneration
 i - a potion of invisibility {unknown}
 j - a potion of heal wounds {unknown}
 m - a potion of might
 q - a potion of magic {unknown}
 r - a potion of cancellation {unknown}
 v - 2 potions of mutation
 w - 2 potions of brilliance {unknown}
 z - a potion of haste {unknown}


   Skills:
 + Level 4.8 Fighting
 - Level 2.4 Dodging
 - Level 1.0 Stealth
 + Level 5.0 Shields
 * Level 10.1 Unarmed Combat
 + Level 5.6 Invocations


You had 8 spell levels left.
You didn't know any spells.
Your spell library contained the following spells:

 Spells                   Type           Power      Damage    Failure   Level
 Beastly Appendage        Tmut           0%         N/A       97%         1
 Sublimation of Blood     Necr           0%         N/A       99%         2
 Wereblood                Tmut           0%         N/A       99%         2
 Ozocubu's Armour         Ice            0%         N/A       100%        3
 Spider Form              Tmut/Pois      0%         N/A       100%        3
 Ozocubu's Refrigeration  Ice            0%         4d7       100%        7
 Summon Hydra             Summ           0%         N/A       100%        7


Dungeon Overview and Level Annotations

Branches:
Dungeon (7/15)             Temple (0/1) D:5

Altars:
Dithmenos
Nemelex Xobeh
Zin

Shops:
D:1 *


Innate Abilities, Weirdness & Mutations

You are too large for most types of armour.
You have claws for hands.
Your natural rate of healing is unusually fast.
You are covered in fur. (AC +1)
You have tough skin. (AC +1)
You are frail. (-10% HP)
You are somewhat resistant to further mutation.
Your system is resistant to poisons. (rPois)


Message History

You blow up the shadow imp!
Something hits you.
You draw a card...
You have drawn the Pentagram.
Something hits you. x2
You block something's attack. Something hits you!
Your hell hound completely misses something.
Your orange demon barely misses the ice beast.
You are too injured to fight recklessly!
You are too injured to fight recklessly!
You are too injured to fight recklessly!
You closely miss the ice beast. Something hits you!
* * * LOW HITPOINT WARNING * * *
Your hell hound bites something!
The ice beast barely misses you.
Your orange demon closely misses the ice beast.
Something hits you.
* * * LOW HITPOINT WARNING * * *
Something completely misses your hell hound.
Something hits your hell hound but does no damage.
Your hell hound bites something!
A hound comes into view.
Your orange demon closely misses the ice beast.
You barely miss something.
The hound barks!
You hear a shout!
Something hits you!
* * * LOW HITPOINT WARNING * * *
Something hits your hell hound but does no damage.
Your hell hound barely misses something.
You block the ice beast's attack.
Your orange demon stings the ice beast from afar.
It was a potion of mutation.
You feel extremely strange.
You feel frail.
You feel resistant to poisons.
You feel genetically stable. Something hits you!
* * * LOW HITPOINT WARNING * * *
The ice beast hits you but does no damage.
Your orange demon barely misses the ice beast.
You are confused.
You feel invigorated.
Your hell hound bites something.
The ice beast hits you.
* * * LOW HITPOINT WARNING * * *
The ice beast freezes you!
You die...
Your body glows with a rainbow of weird colours and disappears.

...............
......$..........
.................
.................
.................
.................
.......†4........
.................
........Y@.h.....
.................
..........h.......
..................
.......)..........
).................
..........).......
..........).......
.........†........


You could see an ice beast (ally target), a hound, a friendly orange demon
(summoned) and a friendly hell hound (summoned).

Vanquished Creatures
  A wyvern (D:7)
  A water moccasin (D:6)
  An orc warrior (D:7)
  An ice beast (D:7)
  An ogre (D:5)
  A wolf (D:7)
  A centaur (D:6)
  A phantom (D:7)
  5 bullfrogs
  A necrophage (D:7)
  3 scorpions
  A killer bee (D:7)
  A howler monkey (D:7)
  3 hounds
  A jelly (D:7)
  Jessica (D:3)
  Ijyb (D:5)
  4 iguanas
  2 orc wizards
  6 adders
  5 gnolls
  4 shadow imps
  3 white imps
  3 worms
  3 dart slugs
  7 orcs
  2 bats
  3 endoplasms
  2 giant cockroaches
  6 goblins
  3 hobgoblins
  3 jackals (D:3)
  5 kobolds
  5 quokkas
  6 ball pythons
  5 frilled lizards
  12 rats
114 creatures vanquished.

Vanquished Creatures (collateral kills)
  A cyclops (D:7)
  A troll (D:7)
  A water moccasin (D:5)
  An orc warrior (D:7)
  2 ice beasts (D:5)
  6 killer bees (D:5)
  2 howler monkeys (D:7)
  3 orcs (D:7)
17 creatures vanquished.

Grand Total: 131 creatures vanquished

Notes
Turn   | Place    | Note
-------+----------+-------------------------------------------
     0 | D:1      | billz999 the Troll Monk began the quest for the Orb.
     0 | D:1      | Reached XP level 1. HP: 22/22 MP: 0/0
     5 | D:1      | Found Socwalot's General Store.
   131 | D:1      | Reached XP level 2. HP: 29/29 MP: 1/1
   385 | D:2      | Reached skill level 4 in Unarmed Combat
   475 | D:2      | Reached XP level 3. HP: 34/36 MP: 2/2
   534 | D:2      | Found a sparkling altar of Nemelex Xobeh.
   564 | D:2      | Became a worshipper of Nemelex Xobeh the Trickster
   564 | D:2      | Reached * piety under Nemelex Xobeh
   564 | D:2      | Received a gift from Nemelex Xobeh
   564 | D:2      | Reached ** piety under Nemelex Xobeh
  1264 | D:3      | Found a shadowy altar of Dithmenos.
  1285 | D:3      | Reached XP level 4. HP: 44/44 MP: 3/3
  1368 | D:3      | Found a glowing silver altar of Zin.
  1379 | D:3      | Received a gift from Nemelex Xobeh
  1419 | D:3      | Noticed Jessica
  1426 | D:3      | Reached skill level 5 in Unarmed Combat
  1426 | D:3      | Reached skill level 1 in Invocations
  1429 | D:3      | Killed Jessica
  1433 | D:3      | Reached XP level 5. HP: 35/50 MP: 5/5
  1993 | D:4      | Received a gift from Nemelex Xobeh
  2025 | D:4      | Reached *** piety under Nemelex Xobeh
  2050 | D:4      | Reached skill level 6 in Unarmed Combat
  2050 | D:4      | Reached XP level 6. HP: 59/59 MP: 6/6
  2342 | D:5      | Entered Level 5 of the Dungeon
  2402 | D:5      | Found a staircase to the Ecumenical Temple.
  2446 | D:5      | Noticed Ijyb
  2447 | D:5      | Reached skill level 1 in Shields
  2453 | D:5      | Noticed an ice beast
  2469 | D:5      | Killed Ijyb
  2470 | D:5      | Killed an ice beast
  2562 | D:5      | Received a gift from Nemelex Xobeh
  2692 | D:5      | Reached XP level 7. HP: 60/66 MP: 8/8
  2928 | D:5      | Reached skill level 7 in Unarmed Combat
  3217 | D:5      | Received a gift from Nemelex Xobeh
  3222 | D:5      | Reached **** piety under Nemelex Xobeh
  3378 | D:5      | Reached XP level 8. HP: 17/75 MP: 9/9
  3544 | D:6      | Reached skill level 8 in Unarmed Combat
  4313 | D:7      | Reached skill level 9 in Unarmed Combat
  4327 | D:7      | Reached XP level 9. HP: 72/84 MP: 11/11
  4348 | D:7      | Noticed a troll
  4354 | D:7      | Noticed a cyclops
  4362 | D:7      | Killed a troll
  4363 | D:7      | Reached skill level 5 in Invocations
  4371 | D:7      | Killed a cyclops
  4472 | D:7      | Reached skill level 5 in Shields
  4472 | D:7      | Reached skill level 10 in Unarmed Combat
  4507 | D:7      | Gained mutation: You are frail. (-10% HP) [potion of
                  | mutation]
  4507 | D:7      | Gained mutation: Your system is resistant to poisons.
                  | (rPois) [potion of mutation]
  4507 | D:7      | Gained mutation: You are somewhat resistant to further
                  | mutation. [potion of mutation]
  4508 | D:7      | Slain by an ice beast

Illustrated notes

Levels and vault maps discovered:
D:1:      tarquinn_simple_flora_water_a, layout_rooms, serial_shops, shop,
          minmay_crystal_room
D:2:      layout_basic, basic_altar
D:3:      wander_river, layout_basic, nicolae_dithmenos_shadow_blocks,
          mainiacjoe_overflow_24_doors, kennysheep_jessica_study
D:4:      layout_gridville
D:5:      layout_layer_cave, minmay_temple_entry_drinking_statues, uniq_ijyb
D:6:      layout_loops_ring
D:7:      nzn_winding_woodlands_medium [nzn_winding_woodlands_5x5_perimeter,
          nzn_winding_woodlands_5x15_longhouse, nzn_winding_woodlands_5x5_cross,
          nzn_winding_woodlands_5x5_closed_star,
          nzn_winding_woodlands_center_pierced_h,
          nzn_winding_woodlands_5x5_three, nzn_winding_woodlands_5x5_open_star,
          nzn_winding_woodlands_5x15_pool, nzn_winding_woodlands_5x5_default],
          layout_basic, uniq_maggie

Skill      XL: |  1  2  3  4  5  6  7  8  9 |
---------------+----------------------------+-----
Unarmed Combat | 4 5 6 7 9 10 | 10.1
Invocations    | 1 2 3 4 5 |  5.6
Shields        | 1 2 4 5 |  5.0
Fighting       | 3 4 |  4.8
Dodging        | |  2.4
Stealth        | |  1.0

Action                   |  1- 3 |  4- 6 |  7- 9 || total
-------------------------+-------+-------+-------++-------
Melee: Unarmed           |    87 |    86 |   134 ||   307
       Punch             |     4 |       |       ||     4
Invok: Draw Destruction  |       |     6 |     9 ||    15
       Draw Escape       |       |     2 |       ||     2
       Draw Summoning    |       |     1 |     4 ||     5
  Use: Scroll            |       |     6 |       ||     6
       Potion            |       |     1 |     4 ||     5
 Stab: Sleeping          |     5 |     5 |     2 ||    12
Armor: Robe              |    22 |    14 |    21 ||    57
Dodge: Dodged            |    34 |    40 |    35 ||   109
Block: Tower shield      |       |    19 |   105 ||   124

Table legend: (Time is in decaauts)
 A = Elapsed time spent in this place.
 B = Non-inter-level travel time spent in this place.
 C = Inter-level travel time spent in this place.
 D = Time resting spent in this place.
 E = Time spent auto-exploring this place.
 F = Levels seen in this place.
 G = Mean time per level.
                   A        B        C        D        E       F      G
               +--------+--------+--------+--------+--------+-----+--------+
         Total |   4535 |   4368 |    167 |    267 |   3297 |   7 |  647.9 |
       Dungeon |   4535 |   4368 |    167 |    267 |   3297 |   7 |  647.9 |
               +--------+--------+--------+--------+--------+-----+--------+

Top non-repeatable levels by time:
     D:5: 1110 daAuts
     D:2: 856 daAuts
     D:6: 660 daAuts
     D:4: 567 daAuts
     D:3: 551 daAuts
     D:7: 422 daAuts
     D:1: 367 daAuts
